 Dungeon Crawl Stone Soup version 0.29-a0-268-g5627465c62 (webtiles) character file.

Game seed: 2691179706158825429

4704 BlueGoblin the Spry (level 10, -10/47 HPs)
             Began as a Spriggan Monk on Mar 6, 2022.
             Was a Plaything of Xom.
             Shot with an arrow by a centaur warrior (18 damage)
             ... on level 8 of the Dungeon on Mar 7, 2022.
             The game lasted 00:19:09 (12916 turns).

BlueGoblin the Spry (Spriggan Monk)                Turns: 12916, Time: 00:19:09

Health: -10/47     AC:  7    Str: 15    XL:     10   Next: 21%
Magic:  11/11      EV: 50    Int: 19    God:    Xom [.*....]
Gold:   277        SH:  0    Dex: 21    Spells: 9/9 levels left

rFire   . . .      SeeInvis +   D - +3 dagger (chaos)
rCold   . . .      Faith    .   h - orb {light}
rNeg    . . .      Spirit   .   j - +2 robe {Will+}
rPois   +          Reflect  .   e - +2 hat
rElec   .          Harm     .   B - +0 cloak
rCorr   .          Rampage  .   (gloves unavailable)
Will    ++...                   (boots unavailable)
Stlth   +.........              t - amulet of the acrobat
HPRegen 0.15/turn               A - +6 ring of strength
MPRegen 0.12/turn               m - +6 ring of intelligence

@: mighty, acrobatic, glowing, very quick
A: very small, no large weapons, unfitting armour, see invisible, speed 3,
poison resistance, strong 1
a: Renounce Religion


You were on level 8 of the Dungeon.
You worshipped Xom.
You were a plaything of Xom.
You visited 2 branches of the dungeon, and saw 9 of its levels.

You collected 507 gold pieces.
You spent 230 gold pieces at shops.

Inventory:

Hand Weapons
 a - a +4 vorpal short sword
 b - a +1 dagger of electrocution
 o - a +0 short sword
 D - a +3 dagger of chaos (weapon)
Armour
 e - a +2 hat (worn)
 h - an orb of light (worn)
 j - a +2 robe of willpower (worn)
 x - +0 acid dragon scales
 B - a +0 cloak (worn)
Magical Staves
 p - a staff of conjuration
Jewellery
 m - a +6 ring of intelligence (right hand)
 t - an amulet of the acrobat (around neck)
 A - a +6 ring of strength (left hand)
Wands
 w - a wand of polymorph (11)
Scrolls
 g - 3 scrolls of teleportation
 q - a scroll of summoning {unknown}
 y - a scroll of magic mapping
 E - a scroll of enchant weapon {unknown}
 F - a scroll of amnesia
Potions
 c - a potion of ambrosia
 d - a potion of brilliance
 f - 2 potions of mutation
 i - 2 potions of curing
 k - 3 potions of resistance
 l - a potion of magic {unknown}
 n - 2 potions of flight
 r - 2 potions of haste
 s - a potion of attraction {unknown}
 u - a potion of might {unknown}
 v - a potion of invisibility {unknown}
 z - a potion of berserk rage {unknown}
 C - a potion of heal wounds


   Skills:
 - Level 2.4 Fighting
 - Level 3.2 Short Blades
 + Level 19.1 Dodging
 - Level 3.0 Stealth


You had 9 spell levels left.
You didn't know any spells.
Your spell library contained the following spells:

 Spells                   Type           Power      Damage    Failure   Level
 Ensorcelled Hibernation  Hex/Ice        0%         N/A       30%         2
 Passwall                 Tmut/Erth      0%         N/A       30%         2
 Swiftness                Air            0%         N/A       52%         3


Dungeon Overview and Level Annotations

Branches:
Dungeon (8/15)             Temple (1/1) D:4
   Lair: D:8-11

Altars:
Ashenzari
Cheibriados
Dithmenos
Elyvilon
Fedhas
Gozag
Hepliaklqana
Kikubaaqudgha
Makhleb
Nemelex Xobeh
Okawaru
Qazlal
Ru
Sif Muna
Trog
Uskayaw
Vehumet
Wu Jian
Xom
Yredelemnul
Zin
The Shining One

Shops:
D:4 [=


Innate Abilities, Weirdness & Mutations

You are very small and have problems with some larger weapons.
You are too small for most types of armour.
You have supernaturally acute eyesight. (SInv)
You cover ground extremely quickly. (Speed+++)
Your system is resistant to poisons. (rPois)
Your muscles are strong. (Str +2)


Message History

The centaur wields a +0 shortbow.
The centaur shoots an arrow.
The arrow completely misses you.
The centaur warrior shoots an arrow.
The arrow hits you!
The centaur warrior shoots an arrow.
The arrow barely misses you.
The centaur warrior shoots an arrow.
The arrow completely misses you.
The centaur warrior unwields a +0 shortbow.
The centaur warrior completely misses you.
The centaur warrior misses you.
You barely miss the centaur warrior. The centaur warrior closely misses you.
The centaur warrior completely misses you.
You puncture the centaur warrior!
The centaur warrior is moderately wounded.
The centaur warrior closely misses you. The centaur warrior misses you.
You puncture the centaur warrior!
The centaur warrior is moderately wounded.
The centaur warrior misses you.
The centaur warrior completely misses you.
You hit the centaur warrior.
The centaur warrior is heavily wounded.
The centaur warrior completely misses you.
The centaur warrior kicks you but does no damage.
You puncture the centaur warrior!
The centaur warrior seems to grow stronger.
The centaur warrior is heavily wounded.
The centaur warrior hits you but does no damage.
The centaur warrior kicks you but does no damage.
The centaur warrior completely misses you.
The centaur warrior kicks you.
You puncture the centaur warrior!
The centaur warrior seems to speed up.
The centaur warrior is severely wounded.
The centaur warrior wields a +0 shortbow.
The centaur warrior shoots an arrow.
The arrow completely misses you.
The killer bee attacks as you move away!
The killer bee completely misses you.
The centaur warrior shoots an arrow.
The arrow misses you.
The centaur warrior shoots an arrow.
The arrow hits you!!
* * * LOW HITPOINT WARNING * * *
The centaur warrior shoots an arrow.
The arrow hits you!!
You die...
Xom snickers!

...###............# ###..........
...............>..# #.........###
..................###............
...........................<....#
#......###........###.......#.###
#......# #........# #.......#....
#......# #........# #.....).#####
#......# #........# #.......#
#......# #.###+#@## #.......#
#......###.......# #.......#
#...............## #.......#
#......########.#################
#......# #c#.......#.......
#......# #y#.#.#.#.#.#.#z#.#
#......# #z..z........cyz..z
######.# ##############'#### #.#
...


You could see a centaur warrior (fast, strong), a killer bee and a wight.

Vanquished Creatures
  A hornet (D:8)
  A wyvern (D:8)
  A steam dragon (D:7)
  An acid dragon (D:7)
  2 orc warriors (D:7)
  A sky beast (D:5)
  3 ice beasts
  2 black bears
  An ogre (D:7)
  3 phantoms (D:4)
  2 centaurs
  6 necrophages
  3 scorpions
  3 bullfrogs (D:8)
  A gnoll sergeant (D:6)
  5 wights
  A howler monkey (D:6)
  A centaur zombie (D:7)
  7 hounds
  A jelly (D:6)
  5 orc priests
  3 iguanas
  5 orc wizards
  13 gnolls
  7 adders
  A shadow imp (D:8)
  2 ufetubi (D:6)
  2 worms (D:2)
  2 dart slugs
  35 orcs
  4 ball pythons
  8 endoplasms
  2 giant cockroaches (D:1)
  7 goblins
  7 hobgoblins
  8 jackals
  4 kobolds
  5 quokkas
  5 bats
  A frilled lizard (D:1)
  A rat (D:1)
173 creatures vanquished.

Vanquished Creatures (collateral kills)
  Psyche (D:8)
  A culicivora (shapeshifter) (D:8)
  A steam dragon (D:8)
  A bullfrog (D:8)
  A necrophage (D:8)
  3 wights (D:8)
  An orc (D:8)
9 creatures vanquished.

Vanquished Creatures (others)
  2 bushes (D:7)
  11 plants (D:7)
13 creatures vanquished.

Grand Total: 195 creatures vanquished

Notes
Turn   | Place    | Note
-------+----------+-------------------------------------------
     0 | D:1      | BlueGoblin the Spriggan Monk began the quest for the Orb.
     0 | D:1      | Reached XP level 1. HP: 11/11 MP: 2/2
   149 | D:1      | Reached XP level 2. HP: 10/16 MP: 3/3
   286 | D:1      | Reached skill level 5 in Dodging
   452 | D:1      | Reached XP level 3. HP: 12/19 MP: 4/4
  1189 | D:2      | Reached skill level 6 in Dodging
  1484 | D:2      | Found a faded altar of an unknown god.
  2579 | D:3      | Reached XP level 4. HP: 23/23 MP: 5/5
  2708 | D:3      | Reached skill level 7 in Dodging
  3292 | D:4      | Found a staircase to the Ecumenical Temple.
  3302 | D:4      | Noticed a phantom
  3318 | Temple   | Entered the Ecumenical Temple
  3581 | D:4      | Killed a phantom
  3582 | D:4      | Reached skill level 8 in Dodging
  3582 | D:4      | Reached XP level 5. HP: 19/27 MP: 6/6
  3848 | D:4      | Found Koabrywi's Jewellery Shoppe.
  3876 | D:4      | Noticed a phantom
  3887 | D:4      | Killed a phantom
  3888 | D:4      | Reached skill level 9 in Dodging
  3888 | D:4      | Reached XP level 6. HP: 23/32 MP: 7/7
  4188 | D:4      | Found Kuamion's Armour Shop.
  4495 | D:4      | Reached skill level 10 in Dodging
  4744 | D:4      | Reached XP level 7. HP: 27/35 MP: 8/8
  5536 | D:4      | Reached skill level 11 in Dodging
  5812 | D:4      | Bought a +2 robe of willpower for 230 gold pieces
  5836 | D:5      | Entered Level 5 of the Dungeon
  6668 | D:5      | Reached skill level 12 in Dodging
  7235 | D:6      | Reached XP level 8. HP: 39/39 MP: 9/9
  7307 | D:6      | Reached skill level 13 in Dodging
  7765 | D:6      | Reached skill level 14 in Dodging
  8423 | D:6      | Reached skill level 15 in Dodging
  9097 | D:7      | Reached XP level 9. HP: 43/43 MP: 10/10
  9385 | D:7      | HP: 2/43 [orc warrior/+0 mace (17)]
  9743 | D:7      | Found a blossoming altar of Fedhas.
  9774 | D:7      | Reached skill level 16 in Dodging
 10412 | D:7      | Found a snail-covered altar of Cheibriados.
 10413 | D:7      | Found an ancient bone altar of Kikubaaqudgha.
 10487 | D:7      | Upgraded the game from 0.29-a0-266-gf56f883ddd to
                  | 0.29-a0-268-g5627465c62
 10979 | D:7      | Reached skill level 17 in Dodging
 11182 | Temple   | Became a worshipper of Xom of Chaos
 11214 | D:4      | XOM: silly message
 11418 | D:7      | XOM: scenery: summon butterflies
 11622 | D:8      | XOM: snakes to sticks
 11645 | D:8      | Reached skill level 18 in Dodging
 11827 | D:8      | Noticed Psyche
 11837 | D:8      | Killed Psyche
 11864 | D:8      | Reached XP level 10. HP: 47/47 MP: 11/11
 11898 | D:8      | XOM: give mutations
 11898 | D:8      | Gained mutation: Your muscles are strong. (Str +2) [Xom's
                  | grace]
 11898 | D:8      | Gained mutation: Your system is resistant to poisons.
                  | (rPois) [Xom's grace]
 12490 | D:8      | XOM: silly message
 12534 | D:8      | XOM: silly message
 12540 | D:8      | XOM: smoke on damage
 12547 | D:8      | Reached skill level 19 in Dodging
 12720 | D:7      | XOM: divination: detect items
 12880 | D:8      | XOM: potion effect (might)
 12881 | D:8      | Noticed a centaur warrior
 12916 | D:8      | Shot with an arrow by a centaur warrior

Illustrated notes

Levels and vault maps discovered:
D:1:      psy_arrival_radial01, layout_rooms
D:2:      layout_basic, serial_co_window_serial, co_window_paths_b,
          co_window_paths_b, co_window_corner_a, co_window_paths_b,
          co_window_corner_a, co_window_broadway_c, co_window_broadway_a,
          co_window_broadway_b, co_window_of_opportunity_b, co_window_corner_b,
          co_window_corner_ca, co_window_2corner, glass_columns_a,
          shapermc_ecumenical_altar_ellora, hex_intersection,
          minmay_close_crescents
D:3:      layout_basic, minmay_bisected
D:4:      minmay_chambers_of_threes, layout_loops_ring,
          minmay_temple_entry_statues_fountains, serial_shops,
          nicolae_shop_hallway_stairs, nicolae_shop_window_shopping
D:5:      layout_gridville
D:6:      layout_gridville
D:7:      minmay_general_purpose_star, layout_loops_ring,
          fedhas_altar_decomposition, chequers_temple_overflow_statue_of_worship
D:8:      layout_basic, hangedman_minor_gate_pass, uniq_psyche
Temple:   mainiacjoe_temple_bowtie_tessellation

Skill      XL: |  1  2  3  4  5  6  7  8  9 10 |
---------------+-------------------------------+-----
Dodging        | 5 6 8 9 10 12 15 18 19 | 19.1
Fighting       | |  2.4
Short Blades   | |  3.2
Stealth        | |  3.0

Action                   |  1- 3 |  4- 6 |  7- 9 | 10-12 || total
-------------------------+-------+-------+-------+-------++-------
Melee: Short sword       |   118 |    97 |   397 |       ||   612
       Punch             |     1 |       |       |       ||     1
       Dagger            |       |    20 |   138 |    67 ||   225
  Use: Scroll            |     6 |       |    11 |       ||    17
       Potion            |       |       |     2 |       ||     2
 Stab: Sleeping          |     5 |     2 |       |       ||     7
Armor: Robe              |    11 |     4 |    37 |     8 ||    60
Dodge: Dodged            |   100 |    88 |   660 |    99 ||   947

Table legend: (Time is in decaauts)
 A = Elapsed time spent in this place.
 B = Non-inter-level travel time spent in this place.
 C = Inter-level travel time spent in this place.
 D = Time resting spent in this place.
 E = Time spent auto-exploring this place.
 F = Levels seen in this place.
 G = Mean time per level.
                   A        B        C        D        E       F      G
               +--------+--------+--------+--------+--------+-----+--------+
         Total |   9943 |   9502 |    441 |   2253 |   5438 |   9 | 1104.8 |
       Dungeon |   9768 |   9370 |    398 |   2253 |   5318 |   8 | 1221.0 |
        Temple |    175 |    132 |     43 |      0 |    119 |   1 |  175.0 |
               +--------+--------+--------+--------+--------+-----+--------+

Top non-repeatable levels by time:
     D:6: 2227 daAuts
     D:7: 1624 daAuts
     D:4: 1513 daAuts
     D:2: 1146 daAuts
     D:3: 1040 daAuts
     D:5: 800 daAuts
     D:8: 772 daAuts
     D:1: 643 daAuts
  Temple: 175 daAuts
